 Dungeon Crawl Stone Soup version 0.30.0-5-g1a98f26d00 (webtiles) character file.

Game seed: 12582633079708915156

2685 SnakkuSnakku7 the Cleaver (level 9, -5/79 HPs)
             Began as an Armataur Warper on May 8, 2023.
             Was a Follower of the Shining One.
             Slain by a hornet (8 damage)
             ... on level 8 of the Dungeon.
             The game lasted 00:08:55 (6291 turns).

SnakkuSnakku7 the Cleaver (Armataur Warper)         Turns: 6291, Time: 00:08:56

Health: -5/79      AC:  8    Str: 20    XL:     9   Next: 38%
Magic:  11/11      EV:  8    Int: 14    God:    the Shining One [*.....]
Gold:   252        SH:  0    Dex: 10    Spells: 11/11 levels left

rFire   + . .        a - +2 battleaxe (freeze)
rCold   . . .        (shield currently unavailable)
rNeg    . . .        m - +0 ring mail {Will+}
rPois   .            (no helmet)
rElec   .            u - +2 cloak
rCorr   .            (no gloves)
SInv    .            (no barding)
Will    +....        (no amulet) Stlth
                     A - ring of protection from fire
HPRegen 0.33/turn    (no ring)
MPRegen 0.12/turn

%: roll
@: lethally poisoned (-5 -> -7), slowed, glowing, very slow
A: large, rugged brown scales 3, deformed body, armoured tail, roll, long
tongue, awkward tongue
a: Renounce Religion, Divine Shield


You were on level 8 of the Dungeon.
You worshipped the Shining One.
The Shining One was aware of your devotion.
You visited 2 branches of the dungeon, and saw 9 of its levels.

You collected 312 gold pieces.
You spent 60 gold pieces at shops.

Inventory:

Hand Weapons
 a - a +2 battleaxe of freezing (weapon)
 f - a +4 war axe
 k - a +0 hand axe
Missiles
 d - 10 boomerangs of dispersal (quivered)
Armour
 b - a +0 leather armour
 m - a +0 ring mail of willpower (worn)
 s - an orb of wrath
 u - a +2 cloak (worn)
Jewellery
 A - a ring of protection from fire (left hand)
Wands
 g - a wand of digging (2)
 i - a wand of quicksilver (9)
 t - a wand of flame (24)
 w - a wand of roots (13)
Scrolls
 c - a scroll of enchant armour {unknown}
 j - 3 scrolls of identify
 l - 2 scrolls of fear {unknown}
 o - a scroll of poison {unknown}
 p - 3 scrolls of noise {unknown}
 q - 3 scrolls of amnesia {unknown}
 r - a scroll of vulnerability
 x - a scroll of silence {unknown}
 y - a scroll of teleportation {unknown}
 z - 2 scrolls of fog
Potions
 e - a potion of attraction
 h - 2 potions of curing
 n - a potion of magic
 v - a potion of invisibility {unknown}
 B - a potion of mutation {unknown}


   Skills:
 - Level 5.0 Fighting
 + Level 10.1 Axes
 - Level 0.8 Throwing
 - Level 1.2 Armour
 - Level 1.3 Dodging
 - Level 1.7 Spellcasting
 - Level 3.0 Translocations


You had 11 spell levels left.
You didn't know any spells.
Your spell library contained the following spells:

 Spells                   Type           Power      Damage    Failure   Level
 Blink                    Tloc           18%        N/A       19%         2
 Lesser Beckoning         Tloc           18%        N/A       19%         2
 Teleport Other           Tloc           9%         N/A       34%         3
 Magic Dart               Conj           4%         1d3       38%         1
 Call Imp                 Summ           2%         N/A       52%         2
 Scorch                   Fire           2%         2d5       52%         2
 Vhi's Electric Charge    Tloc/Air       10%        N/A       54%         3
 Manifold Assault         Tloc           9%         N/A       75%         4
 Mephitic Cloud           Conj/Pois/Air  1%         N/A       77%         3
 Ozocubu's Armour         Ice            1%         N/A       77%         3
 Flame Wave               Conj/Fire      1%         2d4       99%         4
 Summon Cactus Giant      Summ           0%         N/A       100%        6
 Ozocubu's Refrigeration  Ice            0%         4d7       100%        7


Dungeon Overview and Level Annotations

Branches:
Dungeon (8/15)             Temple (1/1) D:6
   Lair: D:8-11

Altars:
Ashenzari
Cheibriados
Dithmenos
Elyvilon
Fedhas
Gozag
Kikubaaqudgha
Nemelex Xobeh
Okawaru
Qazlal
Ru
Sif Muna
Trog
Uskayaw
Vehumet
Wu Jian
Xom
Yredelemnul
Zin
The Shining One

Shops:
D:2 =   D:5 :   D:7 [*


Innate Abilities, Weirdness & Mutations

You are completely covered in rugged brown scales. (AC +3, +7% HP)
Armour fits poorly on your strangely shaped body.
You have a long armoured tail.
You roll when moving toward enemies. (Rampage)
Your long tongue fully drains potion bottles. (2x potion effects)
Your tongue gives you trouble enunciating. (1.5x scroll delay)


Message History

The centaur is moderately wounded.
The centaur unwields a +0 shortbow.
The centaur hits you but does no damage.
The centaur kicks you.
The hornet stings you but does no damage.
You slash the centaur! You freeze the centaur.
You kill the centaur!
You barely miss the hornet. The hornet stings you!
You suddenly lose the ability to move!
You can move again.
Unknown command.
You slash the hornet! You freeze the hornet.
The hornet is moderately wounded.
The hornet barely misses you. The hornet stings you!
You are poisoned.
You feel yourself slow down.
You barely miss the hornet.
The hornet is moderately wounded.
You feel yourself speed up.
You feel very sick. The hornet barely misses you. The hornet stings you!
You feel yourself slow down. The hornet stings you!
You feel as though you will be slow longer.
You are too injured to fight recklessly!
You are too injured to fight recklessly!
You hit the hornet but do no damage.
The hornet is moderately wounded.
You feel very sick. The hornet barely misses you. The hornet stings you!
* * * LOW HITPOINT WARNING * * *
You feel as though you will be slow longer.
You are too injured to fight recklessly!
You closely miss the hornet.
The hornet is moderately wounded.
You feel sick. The hornet stings you!
* * * LOW HITPOINT WARNING * * *
You feel as though you will be slow longer.
The hornet stings you but does no damage.
The hornet stings you!
You die...

..+...#............#
+##...#............#
..#...#............#
..#..............$.#
..#....##.....#....#
..#'#....#....#....#
..........#..#.....#
##........###......#
.#.......###....@..#
.#......#..#...y)..#
.#.....#....#......#
.#####.#.....##....#
..# #....... .....#
.## ##.####.....#
.## ......# ..#
#######. ..#


You could see a hornet.

Vanquished Creatures
  Psyche (D:8)
  Duvessa (D:4)
  3 sky beasts (D:7)
  An ice beast (D:5)
  4 ogres
  An orc warrior (D:8)
  3 centaurs
  2 phantoms
  A kobold brigand (D:8)
  A scorpion (D:7)
  4 wights
  Dowan (D:4)
  A jelly (D:4)
  4 hounds
  An orc priest (D:8)
  6 iguanas
  Jessica (D:2)
  2 sleepcaps
  Ijyb (D:5)
  4 orc wizards
  A gnoll (D:1)
  6 adders
  A shadow imp (D:6)
  A white imp (D:7)
  3 ufetubi
  3 worms
  4 dart slugs
  22 orcs
  4 ball pythons
  6 bats
  7 endoplasms
  A giant cockroach (D:1)
  10 goblins
  3 hobgoblins
  4 jackals
  6 quokkas
  4 frilled lizards (D:1)
  15 kobolds
  4 rats
148 creatures vanquished.

Notes
Turn   | Place    | Note
-------+----------+-------------------------------------------
     0 | D:1      | SnakkuSnakku7 the Armataur Warper began the quest for the
                  | Orb.
     0 | D:1      | Reached XP level 1. HP: 18/18 MP: 3/3
    46 | D:1      | Reached XP level 2. HP: 22/25 MP: 4/4
    62 | D:1      | Reached skill level 2 in Axes
   261 | D:2      | Reached XP level 3. HP: 13/32 MP: 5/5
   439 | D:2      | Found Poyr's Jewellery Shop.
   906 | D:2      | Noticed Jessica
   910 | D:2      | Killed Jessica
   911 | D:2      | Reached XP level 4. HP: 40/40 MP: 6/6
   941 | D:2      | Identified the +0 ring mail of the Sun {+Inv rPois rF++
                  | rC-}
  1275 | D:3      | Reached skill level 3 in Axes
  1314 | D:3      | Found a broken altar of Ashenzari.
  1460 | D:3      | Found a faded altar of an unknown god.
  1562 | D:3      | Found a shimmering blue altar of Sif Muna.
  1582 | D:3      | Identified the +2 sling of Triumph {antimagic, rF++ Dex+5}
  1723 | D:3      | Found a bloodstained altar of Trog.
  1837 | D:4      | Noticed Duvessa
  1874 | D:4      | Reached XP level 5. HP: 23/48 MP: 7/7
  1983 | D:4      | Found a glowing silver altar of Zin.
  1983 | D:4      | Found a basalt altar of Yredelemnul.
  2137 | D:4      | Identified the +0 leather armour of Hysteria {rElec Int-4
                  | Dex+2}
  2171 | D:4      | Noticed Dowan
  2183 | D:4      | Killed Duvessa
  2184 | D:4      | Reached skill level 4 in Axes
  2184 | D:4      | Reached XP level 6. HP: 28/56 MP: 8/8
  2195 | D:5      | Entered Level 5 of the Dungeon
  2345 | D:4      | Killed Dowan
  2497 | D:4      | Reached skill level 5 in Fighting
  2497 | D:4      | Reached XP level 7. HP: 65/65 MP: 9/9
  2507 | D:4      | Found a shimmering altar of Xom.
  2507 | D:4      | Found an opulent altar of Gozag.
  2718 | D:5      | Found a radiant altar of Vehumet.
  2727 | D:5      | Reached skill level 5 in Axes
  2965 | D:5      | Found Axkoi's Tiny Tomes.
  3225 | D:5      | Reached skill level 6 in Axes
  3295 | D:5      | Noticed Ijyb
  3301 | D:5      | Killed Ijyb
  3608 | D:6      | Found an ornate altar of the Wu Jian Council.
  3678 | D:6      | Reached XP level 8. HP: 43/72 MP: 10/10
  3907 | D:6      | Found a staircase to the Ecumenical Temple.
  3933 | Temple   | Entered the Ecumenical Temple
  3988 | Temple   | Became a worshipper of the Shining One
  4134 | D:6      | Reached skill level 7 in Axes
  4798 | D:7      | Reached skill level 8 in Axes
  4882 | D:7      | HP: 2/70 [wight/+5 short sword (8)]
  4886 | D:7      | Found Zinac's Armour Shoppe.
  5255 | D:7      | Reached * piety under the Shining One
  5426 | D:7      | Reached skill level 9 in Axes
  5460 | D:7      | Reached XP level 9. HP: 79/79 MP: 11/11
  5758 | D:7      | Found Piz Got's General Store.
  5763 | D:7      | Bought a scroll of fog for 60 gold pieces
  6114 | D:8      | Noticed Psyche
  6117 | D:8      | Killed Psyche
  6128 | D:8      | Reached skill level 10 in Axes
  6287 | D:8      | Paralysed by a hornet for 1 turns
  6291 | D:8      | HP: 3/79 [hornet (10)]
  6291 | D:8      | Slain by a hornet

Illustrated notes

Levels and vault maps discovered:
D:1:      dpeg_arrival_shrine, layout_rooms, nicolae_grassy_gnolls
D:2:      layout_basic, serial_shops, shop, uniq_jessica
D:3:      layout_rooms, mainiacjoe_overflow_tiny_flanked,
          mainiacjoe_overflow_brackets, lemuel_doored_altar,
          chequers_ecumenical_altar_lobes
D:4:      layout_cave_pools, gammafunk_temple_overflow_elements,
          gammafunk_temple_overflow_statue, kennysheep_generic_room_9,
          uniq_duvessa
D:5:      cheibrodos_quashed, layout_loops_ring, mainiacjoe_overflow_alcove_4,
          minmay_misc_feat_ornament, nicolae_shop_i_like_small_books_too,
          uniq_ijyb
D:6:      layout_basic, nicolae_wu_jian_wuxing_cycle,
          minmay_temple_entry_arrows, chequers_mini_garden
D:7:      layout_cave_pools, serial_shops, nicolae_shop_back_alley_shop, shop
D:8:      layout_gridville, lair_entry_dummy, minmay_misc_feat_chi, uniq_erica,
          uniq_psyche
Temple:   nicolae_temple_god_jail

Skill      XL: |  1  2  3  4  5  6  7  8  9 |
---------------+----------------------------+-----
Fighting       | 2 3 4 5 |  5.0
Axes           | 2 3 4 6 9 10 | 10.1
Throwing       | |  0.8
Armour         | |  1.2
Dodging        | |  1.3
Spellcasting   | |  1.7
Translocations | |  3.0

Action                     |  1- 3 |  4- 6 |  7- 9 || total
---------------------------+-------+-------+-------++-------
  Melee: Hand axe          |    75 |       |       ||    75
         Tailslap          |    11 |    12 |    23 ||    46
         War axe           |    10 |   107 |   147 ||   264
         Battleaxe         |       |       |    33 ||    33
    Use: Scroll            |     1 |     6 |     2 ||     9
         Potion            |       |     3 |     2 ||     5
 Armour: Leather armour    |    44 |     9 |       ||    53
         Ring mail         |       |    28 |    56 ||    84
         Skin              |       |     3 |       ||     3
  Dodge: Dodged            |    40 |    46 |    78 ||   164
